 Dungeon Crawl Stone Soup version 0.29-a0-2-g12fcac58f8 (webtiles) character file.

Game seed: 9882522539959086069

574 bande the Covered (level 7, -2/39 HPs)
             Began as a Gargoyle Fighter on Jan 26, 2022.
             Slain by an ogre (21 damage)
             ... on level 5 of the Dungeon.
             The game lasted 00:08:04 (4719 turns).

bande the Covered (Gargoyle Fighter)                Turns: 4719, Time: 00:08:05

Health: -2/39      AC: 20    Str: 20    XL:     7   Next: 34%
Magic:  7/7        EV:  5    Int:  8    God:
Gold:   137        SH:  5    Dex: 11    Spells: 6/6 levels left

rFire   . . .      SeeInvis .   a - +0 war axe
rCold   . . .      Faith    .   c - +0 buckler
rNeg    + . .      Spirit   .   p - +0 plate armour
rPois   ∞          Reflect  .   q - +0 helmet
rElec   +          Harm     .   l - +1 cloak {Will+}
rCorr   .          Rampage  .   (no gloves)
Will    +....                   (no boots)
Stlth   ..........              (no amulet)
HPRegen 0.13/turn               (no ring)
MPRegen 0.10/turn               (no ring)

@: no status effects
A: sickness immunity, AC +4, negative energy resistance 1, electricity
resistance, torment resistance 1, petrification resistance, frail 1
a: no special abilities


You were on level 5 of the Dungeon.
You visited 1 branch of the dungeon, and saw 5 of its levels.

You collected 137 gold pieces.

Inventory:

Hand Weapons
 a - a +0 war axe (weapon)
 f - the +9 mace "Noxuh" {flame, SInv}
   (You found it on level 2 of the Dungeon)

   It burns those it strikes, dealing additional fire damage.
   SInv:      It lets you see invisible.
Armour
 c - a +0 buckler (worn)
 l - a +1 cloak of willpower (worn)
 p - a +0 plate armour (worn)
 q - a +0 helmet (worn)
Jewellery
 n - a ring of fire
Scrolls
 h - a scroll of summoning
Potions
 d - a potion of might
 g - 3 potions of curing
 o - a potion of haste {unknown}
 r - a potion of heal wounds {unknown}
 s - a potion of flight {unknown}


   Skills:
 + Level 4.7 Fighting
 + Level 5.0 Axes
 + Level 5.1 Armour
 + Level 4.5 Shields


You had 6 spell levels left.
You didn't know any spells.
Your spell library contained the following spells:

 Spells                   Type           Power      Damage    Failure   Level
 Magic Dart               Conj           0%         1d3       100%        1
 Searing Ray              Conj           0%         2d4       100%        2
 Fulminant Prism          Conj/Hex       0%         3d6       100%        4


Dungeon Overview and Level Annotations

Branches:
Dungeon (5/15)
 Temple: D:4-7

Altars:

Annotations:
D:3 2 transporters


Innate Abilities, Weirdness & Mutations

You are immune to sickness and miasma.
Your stone body is resilient. (AC +4)
You are immune to poison.
You resist negative energy. (rN+)
You are resistant to electric shocks. (rElec)
You are resistant to unholy torment.
You are immune to petrification.
You are frail. (-10% HP)


Message History

The iguana is almost dead.
The iguana bites you.
You hit the iguana.
You kill the iguana!
No target in view!
No target in view!
No target in view!
No target in view!
No target in view!
No target in view!
HP restored.
You now have 137 gold pieces (gained 10).
A jelly comes into view.
The jelly quivers.
A jelly is nearby!
A jelly is nearby!
The jelly hits you.
You are splashed with acid!
You hit the jelly.
Your hands burn!
The jelly is moderately wounded.
You block the jelly's attack.
You slash the jelly!
Your hands burn!
The jelly is almost dead.
The jelly hits you but does no damage. x2
You hit the jelly.
You kill the jelly!
Your Axes skill increases to level 5!
An ogre comes into view. It is wielding a +0 giant club.
The ogre shouts!
You barely miss the ogre. The ogre barely misses you.
You slash the ogre!
The ogre is moderately wounded.
The ogre hits you with a +0 giant club!
You slash the ogre!
The ogre is heavily wounded.
The ogre hits you with a +0 giant club!
You hit the ogre.
The ogre is severely wounded.
The ogre hits you with a +0 giant club!!
Ouch! That really hurt!
You die...

#####
#...##############***************
#.#..............#,,,,,,,,,,,,,,,
#...############@#,*******,*,****
##.## #O#,* *,*,**** #.##
****#.#,** *,*,,,,,
#..#*******,,,...,,* *,***,*,
##.#*,,,,,,,,,...<,* *,* *,,,
#.#*,*****,*##.##,** *,* *,,,
#.#*,* *,* #.#,,,*****,* *,,,
#.#*,* *,* #..,,,,,,,,,***,,,
#.#*,* *,***,*,,,*****,,***,,


You could see an ogre.

Vanquished Creatures
  A black bear (D:4)
  2 vampire bats (D:4)
  An orc priest (D:4)
  A jelly (D:5)
  Crazy Yiuf (D:2)
  A centaur skeleton (D:4)
  An iguana (D:5)
  2 scorpion zombies
  A hound skeleton (D:4)
  4 gnolls (D:4)
  A howler monkey skeleton (D:2)
  6 adders
  A shadow imp (D:5)
  2 adder skeletons
  3 dart slugs
  4 orcs
  7 endoplasms
  3 giant cockroaches
  6 goblins
  8 hobgoblins
  4 jackals (D:1)
  5 ball pythons
  A ball python skeleton (D:2)
  A ball python zombie (D:2)
  4 bats
  5 frilled lizards
  A giant cockroach zombie (D:2)
  A jackal skeleton (D:2)
  A jackal zombie (D:2)
  3 kobolds
  8 rats
90 creatures vanquished.

Notes
Turn   | Place    | Note
-------+----------+-------------------------------------------
     0 | D:1      | bande the Gargoyle Fighter began the quest for the Orb.
     0 | D:1      | Reached XP level 1. HP: 14/14 MP: 1/1
   156 | D:1      | Reached XP level 2. HP: 11/19 MP: 2/2
  1055 | D:2      | Reached XP level 3. HP: 22/24 MP: 3/3
  1130 | D:2      | Reached XP level 4. HP: 24/29 MP: 4/4
  1417 | D:2      | Found a runed translucent door.
  1418 | D:2      | Noticed Crazy Yiuf
  1419 | D:2      | Identified the +9 mace "Noxuh" {flame, SInv}
  1424 | D:2      | Killed Crazy Yiuf
  2098 | D:3      | Found a transporter.
  2113 | D:3      | Reached XP level 5. HP: 33/33 MP: 5/5
  2113 | D:3      | Noticed a kobold demonologist
  2152 | D:3      | Found a transporter.
  2272 | D:3      | Found a faded altar of an unknown god.
  2958 | D:3      | Identified the +5 dagger of Laceration {vorpal, Int+4}
  3536 | D:4      | Reached XP level 6. HP: 38/38 MP: 6/6
  3725 | D:4      | Noticed a black bear
  3747 | D:4      | Killed a black bear
  4188 | D:4      | Reached skill level 5 in Armour
  4188 | D:4      | Reached XP level 7. HP: 44/44 MP: 7/7
  4290 | D:5      | Entered Level 5 of the Dungeon
  4311 | D:5      | Gained mutation: You are frail. (-10% HP) [potion of
                  | mutation]
  4559 | D:5      | Reached skill level 5 in Axes
  4719 | D:5      | Slain by an ogre

Illustrated notes

Levels and vault maps discovered:
D:1:      dpeg_arrival_boxorama, layout_rooms
D:2:      layout_loops_ring, serial_undead, serial_undead_d, serial_undead_a,
          serial_undead_a, serial_undead_a, chequers_mini_garden,
          uniq_crazy_yiuf_cottage
D:3:      gammafunk_wand_slinger, layout_loops_ring,
          hellmonk_ecumenical_altar_arch_garden
D:4:      layout_rooms, nrook_mini_backslash, roderic_batcave
D:5:      layout_loops_ring, elyvilon_altar_3, chequers_serial_rivers_micro_c

Skill      XL: |  1  2  3  4  5  6  7 |
---------------+----------------------+-----
Axes           | 2 3 4 5 |  5.0
Armour         | 4 5 |  5.1
Fighting       | 4 |  4.7
Shields        | 4 |  4.5

Action                   |  1- 3 |  4- 6 |  7- 9 || total
-------------------------+-------+-------+-------++-------
Melee: War axe           |    45 |   181 |    54 ||   280
  Use: Scroll            |     2 |     3 |     6 ||    11
       Potion            |       |       |     1 ||     1
Armor: Scale mail        |    31 |    19 |       ||    50
       Chain mail        |       |    43 |       ||    43
       Plate armour      |       |   109 |    46 ||   155
Dodge: Dodged            |    23 |    76 |    16 ||   115
Block: Buckler           |     8 |    41 |    21 ||    70

Table legend: (Time is in decaauts)
 A = Elapsed time spent in this place.
 B = Non-inter-level travel time spent in this place.
 C = Inter-level travel time spent in this place.
 D = Time resting spent in this place.
 E = Time spent auto-exploring this place.
 F = Levels seen in this place.
 G = Mean time per level.
                   A        B        C        D        E       F      G
               +--------+--------+--------+--------+--------+-----+--------+
         Total |   4811 |   4630 |    181 |   1249 |   2459 |   5 |  962.2 |
       Dungeon |   4811 |   4630 |    181 |   1249 |   2459 |   5 |  962.2 |
               +--------+--------+--------+--------+--------+-----+--------+

Top non-repeatable levels by time:
     D:3: 1361 daAuts
     D:2: 1062 daAuts
     D:1: 1041 daAuts
     D:4: 906 daAuts
     D:5: 440 daAuts
